 Dungeon Sprint DCSS version 0.32-a0-834-geaf45d8e21 (webtiles) character file.

Game seed: 11215699061687029143

24453 rocky1 the Slayer (level 13, -2/169 HPs)
             Began as an Oni Berserker on Mar 22, 2024.
             Was the Champion of Cheibriados.
             Shot with an arrow by a deep elf master archer (17 damage)
             ... in the Dungeon (Sprint VII: "The Pits") on Mar 26, 2024.
             The game lasted 00:11:14 (2711 turns).

rocky1 the Slayer (Oni Berserker)                   Turns: 2711, Time: 00:11:14

Health: -2/169     AC: 18    Str: 43    XL:     13   Next: 13%
Magic:  14/24      EV: 21    Int: 23    God:    Cheibriados [******]
Gold:   0          SH:  0    Dex: 23    Spells: 26/26 levels left

rFire   . . .        u - +2 halberd (protect)
rCold   . . .        (shield currently unavailable)
rNeg    . . .        h - +0 troll leather armour {Pargi}
rPois   .            (helmet restricted)
rElec   .            (no cloak)
rCorr   .            (gloves unavailable)
SInv    .            (boots unavailable)
Will    +....        (no amulet)
Stlth   ++           p - +3 ring of protection
HPRegen 1.28/turn    q - +3 ring of protection
MPRegen 0.19/turn

%: no teleportation
@: under a protective aura, very slow
A: large, unfitting armour, horns 1, tough skin 1, double potion healing,
drunken brawling
a: Renounce Religion, Bend Time, Temporal Distortion, Slouch, Step From Time


You were in the Dungeon.
You worshipped Cheibriados.
Cheibriados was exalted by your worship.
You visited 1 branch

Inventory:

Hand Weapons
 u - a +2 halberd of protection (weapon)
 v - a +1 halberd of freezing
Armour
 h - a +0 troll leather armour (worn) {Pargi}
Jewellery
 p - a +3 ring of protection (left hand)
 q - a +3 ring of protection (right hand)
 x - a ring of see invisible
 y - the ring "Utes" {^Drain Fly rPois rCorr Int+3}
   (You found it in the Dungeon)

   [ring of flight]

   Int+3:     It affects your intelligence (+3).
   rPois:     It protects you from poison.
   Fly:       It grants you flight.
   rCorr:     It protects you from acid and corrosion.
   ^Drain:    It drains your maximum health when unequipped.
 z - a ring of fire
Wands
 A - a wand of polymorph (10)
 B - a wand of flame (14)
Scrolls
 a - a scroll of blinking
 b - 3 scrolls of fog
 j - 2 scrolls of vulnerability
 k - a scroll of summoning
 m - a scroll of fear
 n - 5 scrolls of amnesia
 o - 2 scrolls of enchant armour
 w - 2 scrolls of identify
Potions
 c - 7 potions of curing
 d - 2 potions of heal wounds
 e - 3 potions of haste
 f - 3 potions of magic
 g - 4 potions of berserk rage
 i - a potion of invisibility
 l - 3 potions of brilliance
 r - 2 potions of mutation
 s - a potion of resistance
 t - 4 potions of might


   Skills:
 + Level 21.5 Fighting
 + Level 17.0 Polearms
 + Level 10.4 Armour
 + Level 15.6 Dodging
 + Level 7.1 Spellcasting
 - Level 15.7 Invocations


You had 26 spell levels left.
You didn't know any spells.
Your spell library contained the following spells:

 Spells                   Type           Power      Damage    Failure   Level
 Haunt                    Necr/Summ      4%         N/A       100%        7
 Summon Hydra             Summ           4%         N/A       100%        7


Dungeon Overview and Level Annotations

Branches:
Dungeon (1/1)

Altars:
Ashenzari
Cheibriados
Dithmenos
Elyvilon
Fedhas
Gozag
Hepliaklqana
Kikubaaqudgha
Makhleb
Nemelex Xobeh
Okawaru
Qazlal
Ru
Sif Muna
Trog
Uskayaw
Vehumet
Wu Jian
Xom
Yredelemnul
Zin
The Shining One
Beogh
Jiyva
Lugonu


Innate Abilities, Weirdness & Mutations

You are too large for most types of armour.
You have a pair of small horns on your head.
You have tough skin. (AC +1)
You gain doubled healing and magic from potions.
Whenever you drink a healing potion, you attack all around you.


Message History

* * * LOW HITPOINT WARNING * * *
The deep elf master archer shoots an arrow.
The arrow hits you!!
* * * LOW HITPOINT WARNING * * *
You take a swig of the potion and twirl your +2 halberd of protection.
You impale the deep elf master archer!!
Your headbutt misses the deep elf master archer.
The deep elf master archer is severely wounded.
You savour every drop.
You feel much better.
The deep elf master archer shoots an arrow.
The arrow hits you.
The deep elf master archer shoots an arrow.
The arrow hits you!!
* * * LOW HITPOINT WARNING * * *
You take a swig of the potion and twirl your +2 halberd of protection.
You closely miss the deep elf master archer.
You headbutt the deep elf master archer.
The deep elf master archer is severely wounded.
You savour every drop.
You feel much better.
The deep elf master archer shoots an arrow.
The arrow hits you!!
The deep elf master archer shoots an arrow.
The arrow hits you!!
* * * LOW HITPOINT WARNING * * *
You miss the deep elf master archer.
Your headbutt misses the deep elf master archer.
The deep elf master archer is severely wounded.
The deep elf master archer shoots an arrow.
The arrow hits you!!
* * * LOW HITPOINT WARNING * * *
Unknown command.
Activating: Slouch (0% risk of failure)
Press: ? - help, Dir - look around, f - activate You can feel time thicken for a moment.
The deep elf master archer shoots an arrow.
The arrow completely misses you.
The deep elf master archer shoots an arrow.
The arrow hits you!
You die...
Cheibriados appreciates the motionlessness of death.

###################
#..................
#..................
#.)################ #..e# #
#.@#.# # #..# m# # #..# m# #
#..# s# # #..# # #
#############...
#_________.##...
#_________.#####
#_______...###########++#######


You could see a deep elf master archer.

Vanquished Creatures
  A deep elf master archer (D)
  A ghoul (D)
  A vampire knight (D)
  A red draconian (D)
  A merfolk impaler (D)
  A death knight (D)
  A two-headed ogre (D)
  A boulder beetle (D)
  Erolcha (D)
  An alligator snapping turtle (D)
  A merfolk aquamancer (D)
  A vampire mage (D)
  A shadow wraith (D)
  A sea snake (shapeshifter) (D)
  A flayed ghost (D)
  A swamp dragon (D)
  An arcanist (D)
  2 bog bodies (D)
  2 orc knights (D)
  2 deep elf pyromancers (D)
  A deep elf zephyrmancer (D)
  4 elephants (D)
  A merfolk siren (D)
  A kobold demonologist (D)
  An efreet (D)
  A red devil (D)
  4 trolls (D)
  4 merfolk (D)
  Prince Ribbit (D)
  A tyrant leech (D)
  6 polar bears (D)
  10 dream sheep (D)
  2 hornets (D)
  A jumping spider (D)
  2 shadows (D)
  Sigmund (D)
  6 yaks (D)
  A spriggan (D)
  A vampire (D)
  2 redbacks (D)
  A chaos spawn (D)
  A small abomination (D)
  3 orc warriors (D)
  13 black bears (D)
  Pargi (D)
  A laughing skull (D)
  A wolf (D)
  2 centaurs (D)
  5 ogres (D)
  A phantom (D)
  A brain worm (D)
  A bullfrog (D)
  6 killer bees (D)
  A hound (D)
  4 orc priests (D)
  A gnoll bouda (D)
  4 iron imps (D)
  2 orc wizards (D)
  4 gnolls (D)
  A river rat (D)
  A white imp (D)
  2 ufetubi (D)
  9 orcs (D)
  An endoplasm (D)
  A giant cockroach (D)
  A hobgoblin (D)
  A kobold (D)
  3 quokkas (D)
  A ball python (D)
  A giant cockroach zombie (D)
149 creatures vanquished.

Notes
Turn   | Place    | Note
-------+----------+-------------------------------------------
     0 | D        | rocky1 the Oni Berserker began the quest for the Orb.
     0 | D        | Reached XP level 1. HP: 24/24 MP: 1/1
    51 | D        | Found a bloodstained altar of Trog.
    51 | D        | Found a shimmering blue altar of Sif Muna.
    51 | D        | Found a viscous altar of Jiyva.
    51 | D        | Found a hazy altar of Hepliaklqana.
    51 | D        | Found an opulent altar of Gozag.
    52 | D        | Found a glowing golden altar of the Shining One.
    52 | D        | Found a glowing silver altar of Zin.
    52 | D        | Found a basalt altar of Yredelemnul.
    52 | D        | Found a shimmering altar of Xom.
    52 | D        | Found an ornate altar of the Wu Jian Council.
    52 | D        | Found a sacrificial altar of Ru.
    52 | D        | Found a stormy altar of Qazlal.
    52 | D        | Found an iron altar of Okawaru.
    52 | D        | Found a sparkling altar of Nemelex Xobeh.
    52 | D        | Found a burning altar of Makhleb.
    52 | D        | Found a blossoming altar of Fedhas.
    52 | D        | Found a white marble altar of Elyvilon.
    52 | D        | Found a shadowy altar of Dithmenos.
    52 | D        | Found a snail-covered altar of Cheibriados.
    55 | D        | Found a corrupted altar of Lugonu.
    55 | D        | Found a radiant altar of Vehumet.
    55 | D        | Found a roughly hewn altar of Beogh.
    56 | D        | Found an ancient bone altar of Kikubaaqudgha.
    56 | D        | Found a hide-covered altar of Uskayaw.
    56 | D        | Found a broken altar of Ashenzari.
    65 | D        | Fell from the grace of Trog
    65 | D        | Became a worshipper of Cheibriados the Contemplative
    83 | D        | Reached * piety under Cheibriados
    86 | D        | Reached skill level 1 in Invocations
   101 | D        | Reached XP level 2. HP: 16/33 MP: 1/3
   101 | D        | Reached ** piety under Cheibriados
   107 | D        | Noticed a phantom
   111 | D        | Reached *** piety under Cheibriados
   112 | D        | Reached skill level 5 in Fighting
   120 | D        | Killed a phantom
   121 | D        | Reached skill level 6 in Fighting
   121 | D        | Reached skill level 5 in Polearms
   121 | D        | Reached XP level 3. HP: 34/45 MP: 2/6
   121 | D        | Reached XP level 4. HP: 40/53 MP: 2/7
   210 | D        | Noticed a centaur
   219 | D        | Killed a centaur
   219 | D        | Reached **** piety under Cheibriados
   220 | D        | Reached skill level 8 in Fighting
   220 | D        | Reached skill level 5 in Dodging
   220 | D        | Reached XP level 5. HP: 53/63 MP: 7/9
   224 | D        | Reached ***** piety under Cheibriados
   234 | D        | Reached XP level 6. HP: 52/74 MP: 8/11
   240 | D        | Reached skill level 9 in Fighting
   317 | D        | Noticed a hornet
   322 | D        | Killed a hornet
   322 | D        | Reached ****** piety under Cheibriados
   323 | D        | Reached skill level 10 in Fighting
   323 | D        | Reached XP level 7. HP: 87/87 MP: 11/13
   325 | D        | Noticed Sigmund
   332 | D        | Reached skill level 11 in Fighting
   341 | D        | Killed Sigmund
   471 | D        | Noticed a troll
   471 | D        | Noticed a tyrant leech
   488 | D        | Killed a tyrant leech
   489 | D        | Reached skill level 12 in Fighting
   489 | D        | Reached skill level 10 in Invocations
   489 | D        | Reached XP level 8. HP: 52/98 MP: 15/15
   493 | D        | Killed a troll
   684 | D        | Upgraded the game from 0.32-a0-799-g95e1662365 to
                  | 0.32-a0-834-geaf45d8e21
   753 | D        | Noticed a yak
   753 | D        | Noticed a yak
   753 | D        | Noticed a yak
   753 | D        | Noticed a yak
   753 | D        | Noticed a yak
   753 | D        | Noticed a bog body
   753 | D        | Noticed a yak
   755 | D        | Killed a yak
   755 | D        | Killed a yak
   755 | D        | Killed a yak
   755 | D        | Killed a bog body
   756 | D        | Reached skill level 13 in Fighting
   756 | D        | Reached skill level 10 in Polearms
   756 | D        | Reached skill level 10 in Dodging
   756 | D        | Reached XP level 9. HP: 111/111 MP: 6/18
   757 | D        | Reached skill level 14 in Fighting
   922 | D        | Noticed a swamp dragon
   924 | D        | Noticed a polar bear
   924 | D        | Noticed a polar bear
   925 | D        | Killed a polar bear
   925 | D        | Killed a polar bear
   930 | D        | Killed a swamp dragon
   931 | D        | Reached skill level 15 in Fighting
   931 | D        | Reached XP level 10. HP: 90/124 MP: 4/20
  1026 | D        | Noticed Prince Ribbit
  1026 | D        | Noticed a flayed ghost
  1029 | D        | Killed Prince Ribbit
  1032 | D        | Killed a flayed ghost
  1099 | D        | Reached skill level 16 in Fighting
  1102 | D        | Noticed an orc knight
  1111 | D        | Killed an orc knight
  1248 | D        | Noticed a deep elf pyromancer
  1252 | D        | Reached skill level 17 in Fighting
  1254 | D        | Killed a deep elf pyromancer
  1255 | D        | Reached XP level 11. HP: 96/139 MP: 12/22
  1312 | D        | Noticed a bog body
  1315 | D        | HP: 1/139 [ogre/+0 giant club[the rage of Trog] (138)]
  1325 | D        | Killed a bog body
  1449 | D        | Noticed Pargi
  1450 | D        | Noticed a spriggan rider
  1450 | D        | Noticed a deep elf pyromancer
  1450 | D        | Noticed a boulder beetle
  1452 | D        | Reached skill level 15 in Invocations
  1452 | D        | Killed Pargi
  1454 | D        | Reached skill level 18 in Fighting
  1454 | D        | Killed a shadow wraith
  1455 | D        | Reached skill level 5 in Armour
  1461 | D        | Killed a deep elf pyromancer
  1464 | D        | Killed a boulder beetle
  1704 | D        | Got the ring "Utes" {^Drain Fly rPois rCorr Int+3}
  2058 | D        | Noticed an alligator snapping turtle
  2076 | D        | Killed an alligator snapping turtle
  2077 | D        | Reached skill level 19 in Fighting
  2077 | D        | Reached skill level 15 in Polearms
  2150 | D        | Reached XP level 12. HP: 133/154 MP: 17/23
  2418 | D        | Noticed Erolcha
  2421 | D        | Killed Erolcha
  2423 | D        | Reached skill level 20 in Fighting
  2544 | D        | Noticed a vampire knight
  2544 | D        | Noticed a vampire mage
  2544 | D        | Noticed a red draconian
  2544 | D        | Noticed a deep elf master archer
  2544 | D        | Noticed a satyr
  2544 | D        | Noticed a death knight
  2544 | D        | Noticed a merfolk aquamancer
  2546 | D        | a satyr changed into a mana viper
  2547 | D        | Killed a vampire mage
  2547 | D        | Paralysed by a vampire knight for 2 turns
  2549 | D        | Killed a merfolk aquamancer
  2550 | D        | Killed a vampire knight
  2550 | D        | Killed a deep elf master archer
  2551 | D        | Reached skill level 15 in Dodging
  2552 | D        | Killed a red draconian
  2553 | D        | Reached skill level 5 in Spellcasting
  2553 | D        | Killed a death knight
  2554 | D        | Reached skill level 21 in Fighting
  2556 | D        | Got Nutu's Information on the Escort
  2650 | D        | Noticed a merfolk impaler
  2670 | D        | Killed a merfolk impaler
  2671 | D        | Reached skill level 10 in Armour
  2674 | D        | Noticed a two-headed ogre
  2678 | D        | Killed a two-headed ogre
  2679 | D        | Reached XP level 13. HP: 67/169 MP: 24/24
  2689 | D        | Noticed a ghoul
  2699 | D        | Killed a ghoul
  2699 | D        | Identified the +6 short sword "Kaalee" {antimagic, rElec
                  | rN++ SInv}
  2704 | D        | Noticed a deep elf master archer
  2711 | D        | Shot with an arrow by a deep elf master archer

Illustrated notes

Levels and vault maps discovered:
D:        pitsprint [storerooms_1, entrance_room_1, metal_vault_7, armoury_2,
          mini_pit_1, grid_room_1, main_hall_1, silver_pit, the_coven_3,
          the_vestibule_1, steel_vault_1, golden_pit, hallway_of_sentries,
          crystal_vault_2, iron_vault_1, final_vault]

Skill      XL: |  1  2  3  4  5  6  7  8  9 10 11 12 13 |
---------------+----------------------------------------+-----
Dodging        | 3 4 5 6 7 8 10 12 14 15 | 15.6
Invocations    | 1 4 6 8 10 12 13 14 15 | 15.7
Fighting       | 6 8 10 12 13 15 17 19 21 | 21.5
Polearms       | 5 6 8 9 10 11 13 15 16 17 | 17.0
Armour         | 2 7 10 | 10.4
Spellcasting   | 6 7 |  7.1

Action                     |  1- 3 |  4- 6 |  7- 9 | 10-12 | 13-15 || total
---------------------------+-------+-------+-------+-------+-------++-------
  Melee: Trident           |    20 |    35 |    29 |       |       ||    84
         Spear             |     6 |       |       |       |       ||     6
         Headbutt          |     3 |     3 |     9 |    26 |    11 ||    52
         Halberd           |       |       |     5 |   112 |    24 ||   141
 Invoke: Slouch            |       |       |     5 |    27 |     2 ||    34
    Use: Potion            |     1 |     1 |     2 |     4 |     5 ||    13
         Scroll            |       |       |       |     1 |       ||     1
   Stab: Sleeping          |       |     2 |       |       |       ||     2
         Invisible         |       |       |       |     6 |       ||     6
 Armour: Animal skin       |    22 |    18 |    16 |       |       ||    56
         Troll leather arm |       |       |     3 |   113 |    14 ||   130
  Dodge: Dodged            |    15 |    19 |    23 |   144 |    18 ||   219

Table legend: (Time is in decaauts)
 A = Elapsed time spent in this place.
 B = Non-inter-level travel time spent in this place.
 C = Inter-level travel time spent in this place.
 D = Time resting spent in this place.
 E = Time spent auto-exploring this place.
 F = Levels seen in this place.
 G = Mean time per level.
                   A        B        C        D        E       F      G
               +--------+--------+--------+--------+--------+-----+--------+
         Total |   3473 |   3264 |    209 |   1705 |      0 |   1 | 3473.0 |
       Dungeon |   3473 |   3264 |    209 |   1705 |      0 |   1 | 3473.0 |
               +--------+--------+--------+--------+--------+-----+--------+

Top non-repeatable levels by time:
       D: 3473 daAuts
